 Dungeon Crawl Stone Soup version 0.32-a0-818-gb728d0252e (webtiles) character file.

Game seed: 2522044557056269829

4358 Pooter the Skirmisher (level 10, -3/88 HPs)
             Began as a Minotaur Hunter on Mar 23, 2024.
             Was a Follower of Makhleb.
             Slain by a boulder beetle (6 damage)
             ... on level 8 of the Dungeon.
             The game lasted 00:45:26 (9073 turns).

Pooter the Skirmisher (Minotaur Hunter)             Turns: 9073, Time: 00:45:27

Health: -3/88      AC: 18    Str: 19    XL:     10   Next: 12%
Magic:  13/13      EV:  5    Int: 10    God:    Makhleb [*.....]
Gold:   256        SH:  0    Dex: 17    Spells: 9/9 levels left

rFire   . . .        c - +5 whip "Kenal" {protect, rC+ Int+4}
rCold   + + +        (no shield)
rNeg    . . .        H - +0 plate armour
rPois   .            x - +1 hat of the Endless Princes {rC+ Dex+2}
rElec   .            z - scarf {repulsion}
rCorr   .            (no gloves)
SInv    .            (no boots)
Will    .....        (no amulet) Stlth
                     I - ring of protection from cold
HPRegen 0.34/turn    (no ring)
MPRegen 0.13/turn

%: repel missiles
@: weak-willed, under a protective aura
A: horns 2, retaliatory headbutt
a: Renounce Religion


You were on level 8 of the Dungeon.
You worshipped Makhleb.
Makhleb was aware of your devotion.
You visited 2 branches of the dungeon, and saw 9 of its levels.

You collected 550 gold pieces.
You spent 294 gold pieces at shops.

Inventory:

Hand Weapons
 a - a +2 battleaxe
   (You took it off an orc warrior on level 8 of the Dungeon)
 b - a +0 orcbow
   (You took it off a centaur on level 5 of the Dungeon)
 c - the +5 whip "Kenal" (weapon) {protect, rC+ Int+4}
   (You found it on level 8 of the Dungeon)

   Int+4:     It affects your intelligence (+4).
   rC+:       It protects you from cold.
 i - a +7 spectral club
   (You took it off Jessica on level 2 of the Dungeon)
 y - a +2 flail of protection
   (You took it off Edmund on level 4 of the Dungeon)
 G - a +0 trident
   (You found it on level 6 of the Dungeon)
 L - a +2 whip of draining
   (You took it off a kobold on level 7 of the Dungeon)
Missiles
 g - 28 poisoned darts (quivered)
 j - 3 curare-tipped darts
 F - 12 boomerangs
 Q - 94 stones
Armour
 x - the +1 hat of the Endless Princes (worn) {rC+ Dex+2}
   (You found it on level 8 of the Dungeon)

   Dex+2:     It affects your dexterity (+2).
   rC+:       It protects you from cold.
 z - a scarf of repulsion (worn)
   (You found it on level 5 of the Dungeon)
 H - a +0 plate armour (worn)
   (You found it on level 6 of the Dungeon)
 M - +0 steam dragon scales
   (You found it on level 6 of the Dungeon)
Jewellery
 I - a ring of protection from cold (left hand)
   (You found it on level 1 of the Dungeon)
Wands
 f - a wand of flame (6)
   (You found it on level 2 of the Dungeon)
 D - a wand of charming (3)
   (You found it on level 6 of the Dungeon)
 J - a wand of light (3)
   (You found it on level 6 of the Dungeon)
 K - a wand of mindburst (15)
   (You found it on level 7 of the Dungeon)
Scrolls
 k - a scroll of poison {!r}
 q - 4 scrolls of butterflies
 r - 2 scrolls of fear
 t - 2 scrolls of teleportation {@r4}
 u - 2 scrolls of fog
 A - a scroll of revelation
Potions
 d - 2 potions of magic {unknown}
 h - a potion of heal wounds {@q2}
 l - a potion of degeneration {unknown}
 m - 3 potions of lignification {!q}
 n - a potion of mutation {unknown}
 o - a potion of haste {unknown}
 p - a potion of curing {unknown}
 s - a potion of resistance {unknown}
 v - a potion of berserk rage {unknown}
 w - 2 potions of cancellation
 C - 2 potions of ambrosia
 E - a potion of attraction {unknown}


   Skills:
 + Level 8.2 Fighting
 * Level 3.6(5.7) Axes
 - Level 6.7(7.2) Maces & Flails
 * Level 11.2 Ranged Weapons
 - Level 2.1 Dodging
 - Level 0.7 Stealth
 + Level 6.1 Invocations
 - Level 0.4 Evocations


You had 9 spell levels left.
You didn't know any spells.
Your spell library contained the following spells:

 Spells                   Type           Power      Damage    Failure   Level
 Magic Dart               Conj           0%         1d3       100%        1
 Sting                    Conj/Alch      0%         1d3       100%        1
 Blink                    Tloc           0%         N/A       100%        2
 Call Imp                 Summ           0%         N/A       100%        2
 Mercury Vapours          Alch/Air       0%         N/A       100%        2
 Summon Ice Beast         Ice/Summ       0%         N/A       100%        3
 Olgreb's Toxic Radiance  Alch           0%         N/A       100%        4
 Iskenderun's Battlesphe  Conj           0%         2d6       100%        5
 Summon Mana Viper        Hex/Summ       0%         N/A       100%        5
 Bombard                  Conj/Erth      0%         9d1       100%        6
 Monstrous Menagerie      Summ           0%         N/A       100%        7
 Spellforged Servitor     Conj/Summ      0%         N/A       100%        7


Dungeon Overview and Level Annotations

Branches:
Dungeon (8/15) Zot: 24682  Temple (1/1) D:6 Zot: 5973
   Lair: D:8-11

Altars:
Ashenzari
Cheibriados
Dithmenos
Elyvilon
Fedhas
Gozag
Hepliaklqana
Kikubaaqudgha
Makhleb
Nemelex Xobeh
Qazlal
Ru
Sif Muna
Trog
Uskayaw
Vehumet
Wu Jian
Xom
Zin
The Shining One

Shops:
D:1 [   D:2 ?

Annotations:
D:3 3 runed translucent doors, dogverified's ghost, amateur KoEn
D:8 3 runed translucent doors


Innate Abilities, Weirdness & Mutations

You have a pair of horns on your head.
You reflexively headbutt those who attack you in melee.


Message History

You hit the boulder beetle but do no damage.
You headbutt the boulder beetle, but do no damage.
The boulder beetle bites you but does no damage.
You strike the helpless boulder beetle from behind!
You hit the boulder beetle but do no damage.
You headbutt the boulder beetle.
There is an open translucent gate here.
You hit the boulder beetle. The boulder beetle bites you!
You catch the helpless boulder beetle completely off-guard!
You whack the boulder beetle! You headbutt the boulder beetle.
The boulder beetle is no longer blind.
You hit the boulder beetle but do no damage.
You headbutt the boulder beetle. The boulder beetle bites you!
You hit the boulder beetle but do no damage.
The boulder beetle bites you.
You hit the boulder beetle. You headbutt the boulder beetle!
The boulder beetle leaps!
The boulder beetle bites you!
You hit the boulder beetle.
You hit the boulder beetle but do no damage.
The boulder beetle bites you!
* * * LOW HITPOINT WARNING * * *
Aiming: Bolt of Light
Press: ? - help, Shift-Dir - straight line, f/p - boulder beetle
Aim: a boulder beetle (heavily wounded, weak-willed, 100% to hit)
The bolt of light hits the boulder beetle but does no damage.
The boulder beetle is blinded.
The boulder beetle bites you!
* * * LOW HITPOINT WARNING * * *
You hit the boulder beetle but do no damage.
You headbutt the boulder beetle, but do no damage.
The boulder beetle bites you.
* * * LOW HITPOINT WARNING * * *
You catch the helpless boulder beetle completely off-guard!
You hit the boulder beetle but do no damage.
You hit the boulder beetle but do no damage.
You headbutt the boulder beetle. The boulder beetle bites you!
* * * LOW HITPOINT WARNING * * *
You hit the boulder beetle but do no damage.
The boulder beetle bites you.
* * * LOW HITPOINT WARNING * * *
You hit the boulder beetle but do no damage.
You headbutt the boulder beetle, but do no damage.
The boulder beetle closely misses you. You furiously retaliate!
You headbutt the boulder beetle!
You strike the helpless boulder beetle from behind!
You hit the boulder beetle but do no damage.
You headbutt the boulder beetle, but do no damage.
You hit the boulder beetle but do no damage.
You headbutt the boulder beetle! The boulder beetle bites you.
You die...

#.########################..#
#.# ##.# #.# ### #.. #.#
##.## ### #.###.#.# ## ####
### #..ß#†#.# ###.#S§☼§# #..
#.#.'.#.####.'.+..$ß# #.~
###ß##^...##.'.+..!=# #.~
#######÷#B@'.+k..ß# #.~
#.#.##.#☼☼§§# #.. #...# ##
#### #.. ##.## #.. ### ###


You could see a boulder beetle (blind, unable to see you, weak-willed), a
lindwurm and a lava snake.

Vanquished Creatures
  8 yaks
  A wyvern (D:8)
  A steam dragon (D:6)
  2 redbacks (D:8)
  Menkaure (D:4)
  Edmund (D:4)
  A water moccasin (D:7)
  3 ice beasts
  2 orc warriors (D:8)
  2 centaurs
  An ogre (D:5)
  A phantom (D:5)
  6 kobold brigands
  2 bullfrogs
  A scorpion (D:6)
  3 wights (D:7)
  A bombardier beetle (D:4)
  3 howler monkeys (D:8)
  3 orc priests
  2 hounds (D:4)
  2 iguanas
  3 sleepcaps
  Jessica (D:2)
  A gnoll bouda (D:4)
  Natasha (twice) (D:2)
  9 gnolls
  7 adders
  A shadow imp (D:6)
  A white imp (D:7)
  2 ufetubi (D:6)
  2 ribbon worms (D:2)
  3 dart slugs
  14 orcs
  5 ball pythons
  7 bats
  7 endoplasms
  7 hobgoblins
  4 quokkas (D:1)
  A frilled lizard (D:2)
  3 goblins
  32 kobolds
  7 rats
166 creatures vanquished.

Vanquished Creatures (others)
  An orc (D:8)
  A spectral weapon (D:8)
2 creatures vanquished.

Grand Total: 168 creatures vanquished

Notes
Turn   | Place    | Note
-------+----------+-------------------------------------------
     0 | D:1      | Pooter the Minotaur Hunter began the quest for the Orb.
     0 | D:1      | Reached XP level 1. HP: 18/18 MP: 0/0
   279 | D:1      | Reached XP level 2. HP: 25/25 MP: 1/1
   396 | D:1      | Reached skill level 5 in Ranged Weapons
   522 | D:1      | Reached XP level 3. HP: 31/31 MP: 2/2
   717 | D:1      | Found a faded altar of an unknown god.
   740 | D:1      | Found Sufrogan's Armour Shoppe.
   748 | D:1      | Bought a +0 chain mail for 49 gold pieces
   917 | D:2      | Noticed Jessica
   927 | D:2      | Killed Jessica
   928 | D:2      | Reached XP level 4. HP: 39/39 MP: 3/3
   988 | D:2      | Noticed Natasha
   993 | D:2      | Killed Natasha
   994 | D:2      | Reached skill level 1 in Maces & Flails
  1033 | D:2      | Reached skill level 6 in Ranged Weapons
  1156 | D:2      | Found Arikh's Magic Scroll Emporium.
  1181 | D:2      | Bought a scroll of identify for 28 gold pieces
  1181 | D:2      | Bought a scroll of identify for 28 gold pieces
  1181 | D:2      | Bought a scroll of identify for 28 gold pieces
  1232 | D:2      | You fall into a shaft and drop 1 floor!
  1238 | D:3      | Reached XP level 5. HP: 46/46 MP: 4/4
  1657 | D:2      | Noticed Natasha
  1662 | D:2      | Killed Natasha
  1692 | D:2      | Bought a scroll of fog for 56 gold pieces
  2048 | D:3      | Noticed a sky beast
  2098 | D:3      | Noticed dogverified's ghost (amateur KoEn)
  2115 | D:3      | Found a runed translucent gate.
  2115 | D:3      | Found a runed translucent gate.
  2115 | D:3      | Found a runed translucent gate.
  2621 | D:4      | Reached XP level 6. HP: 52/53 MP: 5/5
  2736 | D:4      | Reached skill level 7 in Ranged Weapons
  2883 | D:4      | Noticed Menkaure
  2887 | D:4      | Killed Menkaure
  2888 | D:4      | Reached skill level 5 in Fighting
  2888 | D:4      | Reached XP level 7. HP: 55/61 MP: 6/6
  2928 | D:4      | Noticed Edmund
  2952 | D:4      | Killed Edmund
  3291 | D:5      | Entered Level 5 of the Dungeon
  3538 | D:2      | Bought a scroll of revelation for 105 gold pieces
  3632 | D:5      | Reached skill level 8 in Ranged Weapons
  3697 | D:5      | Found an ornate altar of the Wu Jian Council.
  3698 | D:5      | Found a hide-covered altar of Uskayaw.
  3699 | D:5      | Found a sparkling altar of Nemelex Xobeh.
  4021 | D:5      | Found a broken altar of Ashenzari.
  4593 | D:6      | Reached XP level 8. HP: 70/70 MP: 7/7
  4634 | D:6      | Found a staircase to the Ecumenical Temple.
  4642 | Temple   | Entered the Ecumenical Temple
  4663 | Temple   | Became a worshipper of Makhleb the Destroyer
  4933 | D:6      | Reached skill level 1 in Invocations
  5254 | D:6      | Reached skill level 5 in Maces & Flails
  5254 | D:6      | Reached skill level 9 in Ranged Weapons
  6112 | D:7      | Reached * piety under Makhleb
  6192 | D:7      | Found a stormy altar of Qazlal.
  6243 | D:7      | Found a blossoming altar of Fedhas.
  6587 | D:7      | Reached XP level 9. HP: 65/79 MP: 9/11
  6830 | D:8      | Reached skill level 10 in Ranged Weapons
  7156 | D:7      | Reached skill level 5 in Invocations
  7433 | D:8      | Found a radiant altar of Vehumet.
  7458 | D:8      | Reached skill level 1 in Axes
  7539 | D:8      | Found a snail-covered altar of Cheibriados.
  7785 | D:8      | Reached skill level 11 in Ranged Weapons
  7793 | D:7      | Reached XP level 10. HP: 20/88 MP: 13/13
  8130 | D:8      | Found a shimmering blue altar of Sif Muna.
  8617 | D:8      | Found a runed translucent door.
  8692 | D:8      | Identified the +5 whip "Kenal" {protect, rC+ Int+4}
  9038 | D:8      | Identified the +1 hat of the Endless Princes {rC+ Dex+2}
  9047 | D:8      | Found a runed translucent gate.
  9047 | D:8      | Found a runed translucent gate.
  9047 | D:8      | Found a runed translucent gate.
  9047 | D:8      | Found a runed translucent gate.
  9047 | D:8      | Found a runed translucent gate.
  9048 | D:8      | Found a runed translucent gate.
  9048 | D:8      | Noticed a lindwurm
  9048 | D:8      | Noticed a boulder beetle
  9070 | D:8      | HP: 3/88 [boulder beetle (3)]
  9073 | D:8      | Slain by a boulder beetle

Illustrated notes

Levels and vault maps discovered:
D:1:      lightli_arrival_statue_moat, layout_basic, serial_shops,
          nicolae_diamond_shop, dilly_ecumenical_altar_fadedgnrine
D:2:      layout_loops_ring, serial_shops, nicolae_shop_tiny_waterfront,
          minmay_pentomino_q2, uniq_jessica, uniq_natasha
D:3:      layout_basic, gammafunk_ghost_split
D:4:      layout_basic, uniq_menkaure, uniq_edmund
D:5:      layout_loops_ring, marbit_many_paths,
          chequers_temple_overflow_statue_of_worship
D:6:      layout_loops_corners, minmay_temple_entry_junction,
          kennysheep_generic_room_3
D:7:      layout_loops_corners, lemuel_round_altar,
          nicolae_qazlal_scattered_showers
D:8:      gammafunk_indiana_jones, layout_basic,
          mainiacjoe_overflow_tiny_flanked, kennysheep_slug_shrine,
          mainiacjoe_overflow_alcove_4, grunt_decor_junction
Temple:   nicolae_temple_ecumenical_triangle

Skill      XL: |  1  2  3  4  5  6  7  8  9 10 |
---------------+-------------------------------+-----
Fighting       | 3 4 5 6 7 8 |  8.2
Ranged Weapons | 5 6 7 8 9 11 | 11.2
Maces & Flails | 1 2 3 4 5 6 |  6.7
Invocations    | 4 6 |  6.1
Axes           | 2 3 |  3.6
Dodging        | |  2.1
Stealth        | |  0.7
Evocations     | |  0.4

Action                     |  1- 3 |  4- 6 |  7- 9 | 10-12 || total
---------------------------+-------+-------+-------+-------++-------
  Melee: Unarmed           |     6 |       |       |       ||     6
         Whip              |    17 |       |       |    22 ||    39
         Headbutt          |     2 |    12 |    60 |    11 ||    85
         Club              |       |    68 |   176 |       ||   244
         Battleaxe         |       |       |    35 |    12 ||    47
   Fire: Shortbow          |    67 |    63 |     6 |       ||   136
         Orcbow            |       |       |    50 |    12 ||    62
  Throw: Dart              |       |     4 |     9 |       ||    13
  Evoke: Wand              |       |       |     9 |     2 ||    11
    Use: Scroll            |     2 |     5 |     9 |     1 ||    17
         Potion            |       |       |     2 |     1 ||     3
   Stab: Distracted        |       |     2 |     3 |       ||     5
         Invisible         |       |       |     5 |     6 ||    11
 Armour: Leather armour    |    17 |       |       |       ||    17
         Chain mail        |     3 |    63 |    42 |       ||   108
         Plate armour      |       |       |   170 |    29 ||   199
  Dodge: Dodged            |    18 |    24 |    70 |    11 ||   123
         Repelled          |       |       |     9 |     1 ||    10

Table legend: (Time is in decaauts)
 A = Elapsed time spent in this place.
 B = Non-inter-level travel time spent in this place.
 C = Inter-level travel time spent in this place.
 D = Time resting spent in this place.
 E = Time spent auto-exploring this place.
 F = Levels seen in this place.
 G = Mean time per level.
                   A        B        C        D        E       F      G
               +--------+--------+--------+--------+--------+-----+--------+
         Total |   9157 |   8675 |    482 |   2567 |   4431 |   9 | 1017.4 |
       Dungeon |   9131 |   8649 |    482 |   2567 |   4431 |   8 | 1141.4 |
        Temple |     26 |     26 |      0 |      0 |      0 |   1 |   26.0 |
               +--------+--------+--------+--------+--------+-----+--------+

Top non-repeatable levels by time:
     D:7: 1882 daAuts
     D:8: 1670 daAuts
     D:6: 1265 daAuts
     D:2: 925 daAuts
     D:4: 893 daAuts
     D:1: 875 daAuts
     D:5: 859 daAuts
     D:3: 758 daAuts
  Temple: 26 daAuts
